AoeStats
← xquizit

Nomad

503302248Analyzed
2v2 RM · 10d ago on Aug 31, 2026· 53m 42s· 4 players
Game mode
Random Map
Map size
176×176
Population
200
Speed
Normal
Resources
Standard
Victory
Conquest
Starting age
Dark Age
Ending age
Imperial Age
RankedLock teamsTeams togetherTeam positionsShared explorationLock speedFull tech treeHidden civsTurbo modeCheats
Victory
Defeat
🇨🇱 Malians · Chile
856
+15
🇨🇦 Maya · Canada
842
+15
🇺🇸 Teutons · United States
868
-47
🇺🇸 Khmer · United States
787
-34
xquizit
15:22 Feudal Age
16:30 Double-Bit Axe
19:44 Horse Collar
26:43 Castle Age
25:03 Fletching
25:33 Man-at-Arms
26:07 Arson
27:19 Wheelbarrow
26:52 Scale Mail Armor
27:03 Forging
26:56 Padded Archer Armor
30:13 Bodkin Arrow
31:04 Bow Saw
34:15 Hand Cart
34:04 Long Swordsman
34:31 Gambesons
34:46 Squires
35:08 Chain Mail Armor
35:30 Iron Casting
39:33 Loom
42:22 Imperial Age
45:37 Arrowslits
46:04 Fortified Wall
47:24 Crenellations
49:59 Masonry
SWATDATBOOTY
14:07 Feudal Age
12:23 Loom
14:33 Double-Bit Axe
15:37 Horse Collar
16:53 Wheelbarrow
18:22 Fishing Lines
23:12 Castle Age
22:31 Scale Barding Armor
24:25 Forging
24:36 Chain Barding Armor
24:56 Fletching
28:08 Bodkin Arrow
29:40 Crossbowman
31:03 Iron Casting
32:04 Hand Cart
34:02 Husbandry
34:12 Bloodlines
34:01 Gold Mining
34:02 Stone Mining
34:06 Gold Mining
35:14 Padded Archer Armor
41:44 Imperial Age
40:17 Light Cavalry
44:49 Hussar
46:37 Hussar
Jorgeee9209
13:44 Feudal Age
16:22 Loom
18:52 Castle Age
17:54 Double-Bit Axe
20:01 Gold Mining
21:54 Bow Saw
25:46 Wheelbarrow
25:11 Stone Mining
25:18 Horse Collar
33:51 Imperial Age
32:05 Tigui
41:30 Pikeman
44:52 Fletching
46:21 Ballistics
51:54 Scale Barding Armor
51:49 Scale Mail Armor
52:01 Forging
51:47 Bodkin Arrow
51:52 Padded Archer Armor
51:20 Elite Gbeto
Fergus_Magnus
11:35 Loom
16:25 Feudal Age
17:23 Double-Bit Axe
19:38 Wheelbarrow
20:15 Man-at-Arms
20:45 Arson
20:59 Fishing Lines
23:52 Horse Collar
27:44 Castle Age
28:08 Forging
28:00 Scale Mail Armor
29:09 Bow Saw
29:02 Heavy Plow
29:07 Squires
29:47 Iron Casting
30:45 Hand Cart
32:29 Eagle Warrior
34:43 Chain Mail Armor
36:48 Gold Mining
36:51 Stone Mining
38:55 Pikeman
41:04 Fletching
43:57 Imperial Age
42:29 Masonry
42:41 Ballistics
45:24 Conscription
46:23 Holcans
47:10 Blast Furnace
46:41 Plate Mail Armor
46:51 Elite Eagle Warrior
50:09 Bodkin Arrow
52:32 Town Watch
53:21 Crop Rotation
Connection lost

Rejoining the realm…

Still unreachable

The connection could not be restored.

Session expired

The server has moved on; the page needs a fresh start.